 Dungeon Crawl Stone Soup version 0.17-a0-1738-g82cdc46 (webtiles) character file.

1618 kae the Arsonist (level 8, -7/46 HPs)
             Began as an Octopode Fire Elementalist on Aug 30, 2015.
             Killed from afar by kae's ghost (13 damage)
             ... with a puff of flame
             ... on level 6 of the Dungeon.
             The game lasted 00:13:51 (8047 turns).

kae the Arsonist (Octopode Fire Elementalist)       Turns: 8047, Time: 00:13:51

Health: -7/46      AC:  6    Str:  7    XL:     8   Next: 96%
Magic:  4/11       EV: 16    Int: 19    God:
Gold:   321        SH:  0    Dex: 13    Spells: 4 memorised, 1 level left

rFire  . . .     SeeInvis .     s - +2 short sword (protect)
rCold  . . .     Clarity  +     (no shield)
rNeg   + . .     SustAt   .     (helmet restricted)
rPois  .         Gourm    .     i - amulet of clarity
rElec  .         Spirit   .     k - ring of positive energy
rCorr  .         Warding  .     (no ring)
rMut   .         Stasis   .     u - +4 ring of evasion
MR     .....                    (no ring)
Stlth  +++.......               (no ring)
                                (no ring)
                                (no ring)
                                (no ring)

@: not resistant to hostile enchantments, fairly stealthy
A: almost no armour, amphibious, 8 rings, constrict 8, camouflage 1, gelatinous
body 1
a: no special abilities


You were on level 6 of the Dungeon.
You were not hungry.

You visited 1 branch of the dungeon, and saw 6 of its levels.

You collected 321 gold pieces.

Inventory:

Hand weapons
 s - a +2 short sword of protection (weapon)
Jewellery
 i - an amulet of clarity (around mantle)
 k - a ring of positive energy (left tentacle)
 u - a +4 ring of evasion (on tentacle)
Magical devices
 t - a wand of digging (13)
Scrolls
 e - 4 scrolls of teleportation
 g - 2 scrolls of identify
 h - 3 scrolls of remove curse
 j - a scroll of fog
 m - a scroll of amnesia
 r - a scroll of brand weapon {unknown}
Potions
 d - 2 potions of lignification
 f - a potion of ambrosia {unknown}
 n - a potion of mutation
 p - 2 potions of agility
 q - a potion of brilliance
 v - a potion of haste
 w - a potion of flight
Books
 a - a book of Flames

   Spells                             Type                      Level
   a - Flame Tongue                   Conjuration/Fire             1
   b - Throw Flame                    Conjuration/Fire             2
   c - Conjure Flame                  Conjuration/Fire             3
   d - Inner Flame                    Hexes/Fire                   3
   e - Sticky Flame                   Conjuration/Fire             4
   f - Fireball                       Conjuration/Fire             5
Comestibles
 b - 5 bread rations
 c - 2 chunks of flesh
 l - 4 meat rations
 o - 2 beef jerkies


   Skills:
 - Level 2.0 Dodging
 - Level 2.6 Stealth
 - Level 2.0 Spellcasting
 - Level 1.0 Conjurations
 + Level 11.2 Fire Magic


You had one spell level left.
You knew the following spells:

 Your Spells              Type           Power        Failure   Level  Hunger
a - Flame Tongue          Conj/Fire      ####.        1%          1    #......
b - Throw Flame           Conj/Fire      ####..       1%          2    ###....
c - Conjure Flame         Conj/Fire      ####....     4%          3    ###....
d - Sticky Flame          Conj/Fire      ####....     14%         4    #####..


Dungeon Overview and Level Annotations

Branches:
Dungeon (6/15)
 Temple: D:4-7

Altars:

Annotations:
D:5 Sigmund
D:6 kae's ghost, experienced OpFE


Innate Abilities, Weirdness & Mutations

You cannot wear most types of armour.
You are amphibious.
You can wear up to eight rings at the same time.
You can use your tentacles to constrict eight enemies at once.
Your skin changes colour to match your surroundings (Stealth).
Your rubbery body absorbs attacks (AC +1).


Message History

The flame tongue hits kae's ghost.
Kae's ghost is lightly damaged.
Kae's ghost stares at you and mumbles some strange words.
The flame tongue hits you!
Ouch! That really hurt!
Casting: Flame Tongue
Confirm with . or Enter, or press ? or * to list all spells.
Aiming: Flame Tongue
Press: ? - help, Shift-Dir - straight line, f/p - kae's ghost
Aim: kae's ghost (lightly damaged)
The flame tongue misses kae's ghost.
Kae's ghost stares at you and mumbles some strange words.
The puff of flame hits you! Kae's ghost stares at you.
Kae's ghost stares at you and mumbles some strange words.
The puff of flame hits you!
* * * LOW HITPOINT WARNING * * *
Kae's ghost casts a spell at you. The puff of flame hits you!
You die...

#.#.##..####.# #.......
#.#..........###.......
#.####..#......#.......
#.####.......#.#.......
#.#.....#..#.#.#.......
#.#.[.#.##.#.#.......
#.#...#..#.#.'....... ##
#.#<..#.##.###....... @.
#.##@.#.##'###....... #.
#.....#.#.<.......###
#.###.######.##+#.........#
#......(..................#
#).##..#####.....)........###
##. #W......#######... #.
###................. #.
#..).........(...... ##
#....###...........#


You could see kae's ghost.

Vanquished Creatures
  Edmund (D:6)
  Duvessa (D:6)
  2 phantoms
  An ogre (D:6)
  A centaur (D:5)
  Blork the orc (D:4)
  A giant frog (D:4)
  Dowan (D:6)
  A scorpion (D:6)
  A wight (D:6)
  2 crimson imps (D:5)
  2 hounds
  A giant frog skeleton (D:3)
  4 orc priests (D:4)
  2 centaur skeletons (D:5)
  6 worker ants
  An iguana (D:5)
  An orc wizard (D:4)
  7 adders
  8 gnolls
  A shadow imp (D:5)
  An adder zombie (D:5)
  An adder skeleton (D:6)
  2 worms (D:3)
  A giant gecko (D:3)
  13 orcs
  3 ball pythons
  10 bats
  3 giant cockroaches
  8 goblins
  11 hobgoblins
  3 jackals
  3 quokkas
  A giant cockroach zombie (D:5)
  7 giant newts
  A jackal skeleton (D:4)
  4 kobolds
  9 rats
127 creatures vanquished.

Notes
Turn   | Place    | Note
--------------------------------------------------------------
     0 | D:1      | kae the Octopode Fire Elementalist began the quest for the Orb.
     0 | D:1      | Reached XP level 1. HP: 11/11 MP: 3/3
   217 | D:1      | Reached XP level 2. HP: 9/17 MP: 5/5
  1080 | D:1      | Reached skill level 4 in Fire Magic
  1329 | D:1      | Reached XP level 3. HP: 19/21 MP: 3/6
  1498 | D:1      | Learned a level 2 spell: Throw Flame
  1502 | D:1      | Learned a level 3 spell: Conjure Flame
  2136 | D:2      | HP: 1/21 [poisoned by an adder]
  2238 | D:2      | Reached XP level 4. HP: 24/27 MP: 1/7
  2843 | D:3      | Reached skill level 5 in Fire Magic
  3283 | D:3      | Reached XP level 5. HP: 16/31 MP: 0/8
  3675 | D:3      | Reached skill level 6 in Fire Magic
  4570 | D:4      | Reached XP level 6. HP: 36/36 MP: 4/9
  4838 | D:4      | Reached skill level 7 in Fire Magic
  5637 | D:4      | Reached XP level 7. HP: 35/41 MP: 7/10
  5713 | D:4      | Noticed Blork the orc
  5725 | D:4      | Killed Blork the orc
  5725 | D:4      | Reached skill level 8 in Fire Magic
  6524 | D:5      | Entered Level 5 of the Dungeon
  6735 | D:5      | Reached skill level 9 in Fire Magic
  6896 | D:5      | Noticed Sigmund
  6941 | D:5      | Reached XP level 8. HP: 44/46 MP: 11/11
  7277 | D:5      | Reached skill level 10 in Fire Magic
  7354 | D:6      | Noticed Edmund
  7574 | D:5      | Learned a level 4 spell: Sticky Flame
  7595 | D:6      | Killed Edmund
  7683 | D:6      | Noticed Dowan
  7684 | D:6      | Noticed Duvessa
  7700 | D:6      | Killed Duvessa
  7710 | D:6      | Killed Dowan
  7710 | D:6      | Reached skill level 11 in Fire Magic
  7911 | D:6      | Noticed kae's ghost (experienced OpFE)
  8047 | D:6      | Killed from afar by kae's ghost

Vault maps used:
D:1:      dpeg_arrival_chambers_temple_mockup, corexii_hall_statues_deadend
D:4:      uniq_blork_the_orc
D:5:      first_bread, hex_medium, uniq_sigmund
D:6:      lemuel_ratsnest, temple_green, uniq_edmund, uniq_grinder, uniq_duvessa

Action                   |  1- 3 |  4- 6 |  7- 9 || total
-------------------------+-------+-------+-------++-------
Melee: Unarmed           |    88 |    81 |       ||   169
       Short sword       |       |     3 |    76 ||    79
 Cast: Flame Tongue      |    19 |    60 |    89 ||   168
       Throw Flame       |     4 |    31 |    10 ||    45
       Conjure Flame     |       |       |     3 ||     3
       Sticky Flame      |       |       |     1 ||     1
  Use: Potion            |     2 |     1 |       ||     3
       Scroll            |       |     1 |    11 ||    12
 Stab: Sleeping          |    13 |     6 |     4 ||    23
  Eat: Chunk             |     4 |    14 |     8 ||    26
       Pizza             |       |       |     1 ||     1
